 Dungeon Crawl Stone Soup version 0.19-a0-854-gc78d25d (webtiles) character file.

434 inmateoo the Conjurer (level 6, -5/32 HPs)
             Began as a Deep Elf Conjurer on July 1, 2016.
             Slain by Edmund
             ... wielding a +3 flail of draining
              (9 damage)
             ... on level 5 of the Dungeon.
             The game lasted 00:05:23 (3546 turns).

inmateoo the Conjurer (Deep Elf Conjurer)           Turns: 3546, Time: 00:05:24

Health: -5/32      AC:  5    Str:  5    XL:     6   Next: 68%
Magic:  7/16       EV: 13    Int: 22    God:
Gold:   309        SH:  0    Dex: 15    Spells: 4 memorised, 6 levels left

rFire  . . .     SeeInvis .     p - +3 dagger (drain)
rCold  . . .     Gourm    +     q - +0 robe {MR+}
rNeg   . . .     Faith    .     (no shield)
rPois  .         Spirit   .     (no helmet)
rElec  .         Dismiss  .     (no cloak)
rCorr  .         Reflect  .     i - +1 pair of gloves
SustAt .         Harm     .     m - +0 pair of boots
MR     +....                    s - amulet of the gourmand
Stlth  ++........               (no ring)
                                (no ring)

@: drained, somewhat resistant to hostile enchantments, unstealthy
A: no striking features
a: no special abilities


You were on level 5 of the Dungeon.
You were hungry.

You visited 1 branch of the dungeon, and saw 5 of its levels.

You collected 309 gold pieces.

Inventory:

Hand Weapons
 p - a +3 dagger of draining (weapon)
Armour
 i - a +1 pair of gloves (worn)
 m - a +0 pair of boots (worn)
 q - a +0 robe of magic resistance (worn)
Jewellery
 s - an amulet of the gourmand (around neck)
Wands
 w - a wand of lightning (10/15)
Scrolls
 e - 3 scrolls of blinking {unknown}
 f - 2 scrolls of teleportation {unknown}
 g - a scroll of remove curse {unknown}
 j - 3 scrolls of magic mapping {unknown}
 k - 5 scrolls of identify {unknown}
 l - a scroll of recharging {unknown}
 o - a scroll of fog {unknown}
 t - 3 scrolls of enchant weapon {unknown}
 v - a scroll of immolation {unknown}
 x - 2 scrolls of random uselessness {unknown}
Potions
 h - 3 potions of might {unknown}
 n - 2 potions of haste {unknown}
 r - a potion of ambrosia {unknown}
 u - a potion of agility {unknown}
 z - a potion of degeneration {unknown}
 A - a potion of heal wounds {unknown}
Books
 b - a book of Conjurations

   Spells                             Type                      Level
   a - Magic Dart                     Conjuration                  1
   b - Searing Ray                    Conjuration                  2
   c - Dazzling Spray                 Conjuration/Hexes            3
   d - Fulminant Prism                Conjuration/Hexes            4
   e - Iskenderun's Mystic Blast      Conjuration                  4
   f - Iskenderun's Battlesphere      Conjuration/Charms           5
Comestibles
 a - a royal jelly
 c - 6 bread rations
 d - 2 beef jerkies
 B - 2 fruits


   Skills:
 + Level 3.7(2.5) Dodging
 + Level 4.3(3.1) Stealth
 + Level 5.5(4.3) Spellcasting
 * Level 6.8(5.5) Conjurations


You had 6 spell levels left.
You knew the following spells:

 Your Spells              Type           Power        Failure   Level  Hunger
a - Magic Dart            Conj           ####         1%          1    None
b - Searing Ray           Conj           ####..       1%          2    #......
c - Dazzling Spray        Conj/Hex       ###...       12%         3    ##.....
d - Iskenderun's Mystic   Conj           ####....     12%         4    ####...


Dungeon Overview and Level Annotations

Branches:
Dungeon (5/15)
 Temple: D:4-7

Altars:
Fedhas
Uskayaw

Annotations:
D:4 Ijustatesigmund's ghost, amateur DsGl
D:5 Edmund


Message History

Casting: Searing Ray
Confirm with . or Enter, or press ? or * to list all spells.
Aiming: Searing Ray
Press: ? - help, Shift-Dir - straight line, f/p - Edmund
Aim: Edmund, wielding a flail of draining and wearing a scale mail (moderately wounded)
The searing ray hits Edmund.
Edmund is heavily wounded.
Edmund hits you with a flail of draining!
You feel drained.
* * * LOW HITPOINT WARNING * * *
The searing ray hits Edmund.
Edmund is heavily wounded.
Edmund hits you with a flail of draining.
* * * LOW HITPOINT WARNING * * *
You feel drained.
* * * LOW HITPOINT WARNING * * *
The searing ray misses Edmund.
Edmund asks, "Have you met my wondrous brother?"
Edmund hits you with a flail of draining!
You die...

...............#...####
......?............'..#
...............#...##.#
.........# #####...##.#
.........# #......##'###
######+#.# #............
#.#.# #............
#.#@# #............
#..@####...#####'###
#####..#......## #....
.......>........# ####.
.....[..........#######.
..............#.........
.........######.####....
......................##
...................8..._
.......................)


You could see Edmund.

Vanquished Creatures
  A centaur skeleton (D:4)
  3 orc priests (D:4)
  Jessica (D:2)
  2 orc wizards (D:4)
  A worker ant (D:4)
  A hound skeleton (D:4)
  A howler monkey skeleton (D:4)
  6 adders
  5 gnolls
  An adder skeleton (D:4)
  A worm (D:3)
  A dart slug (D:2)
  2 giant geckos
  8 orcs
  3 ball pythons
  A giant cockroach (D:2)
  10 goblins
  4 hobgoblins
  4 jackals (D:2)
  2 quokkas
  11 bats
  A giant gecko zombie (D:5)
  3 giant newts (D:1)
  9 kobolds
  2 rats (D:3)
84 creatures vanquished.

Notes
Turn   | Place    | Note
-------+----------+-------------------------------------------
     0 | D:1      | inmateoo the Deep Elf Conjurer began the quest for the Orb.
     0 | D:1      | Reached XP level 1. HP: 10/10 MP: 6/6
   194 | D:1      | Reached XP level 2. HP: 14/15 MP: 0/8
   203 | D:1      | Learned a level 2 spell: Searing Ray
   562 | D:1      | Reached skill level 5 in Conjurations
   562 | D:1      | Reached XP level 3. HP: 19/19 MP: 2/10
   567 | D:1      | Learned a level 3 spell: Dazzling Spray
   894 | D:2      | Found a blossoming altar of Fedhas.
   935 | D:2      | Noticed Jessica
   939 | D:2      | Killed Jessica
   939 | D:2      | Reached XP level 4. HP: 24/24 MP: 4/12
  1466 | D:2      | Reached skill level 6 in Conjurations
  1474 | D:2      | Reached XP level 5. HP: 28/28 MP: 7/14
  2548 | D:4      | Reached skill level 5 in Spellcasting
  2729 | D:4      | Reached XP level 6. HP: 32/32 MP: 10/15
  2747 | D:4      | Learned a level 4 spell: Iskenderun's Mystic Blast
  3317 | D:4      | Noticed Ijustatesigmund's ghost (amateur DsGl)
  3326 | D:5      | Entered Level 5 of the Dungeon
  3486 | D:5      | Found a hide-covered altar of Uskayaw.
  3533 | D:5      | Noticed Edmund
  3546 | D:5      | Slain by Edmund

Vault maps used:
D:1:      dpeg_arrival_arbitrary_c, solitary_fountain
D:2:      st_stairs_12, fedhas_altar_3, uniq_jessica
D:3:      first_bread
D:4:      corexii_item_surrounded_by_moat, kennysheep_generic_room_3
D:5:      eat_drink_and_be_merry_uskayaw, uniq_edmund

Skill      XL: |  1  2  3  4  5  6 |
---------------+-------------------+-----
Conjurations   | 5 6 |  6.8
Spellcasting   | 4 5 |  5.5
Stealth        | 3 4 |  4.3
Dodging        | 3 |  3.7

Action                   |  1- 3 |  4- 6 || total
-------------------------+-------+-------++-------
Melee: Dagger            |     4 |    18 ||    22
 Cast: Magic Dart        |    63 |   128 ||   191
       Searing Ray       |       |     4 ||     4
       Iskenderun's Myst |       |     3 ||     3
  Eat: Chunk             |       |     8 ||     8
Armor: Robe              |     4 |     8 ||    12
Dodge: Dodged            |     6 |    18 ||    24
